Map: Acid Plant LE

Players

Harstem - Winner!

  • Race: Protoss Protoss
  • League: Master
  • Spawn Location: 5:00

eonblu

  • Race: Zerg Zerg
  • League: Grandmaster
  • Spawn Location: 11:00

Event: HomeStory Cup XVII

VOD

Have the link to the VOD?

Description

Time

  • Played on: June 28, 2018, 7:48 a.m.
  • Length: 8:31

All games in this series

Show
View Real Time Build Order
Export as new Build Order

Harstem Protoss - Winner!

Build Orders: 1 Gate Expand, Oracle Opening, Zealot Archon, Archon Drop 

Get SALT Encoding   

  12  0:01  Probe  
  13  0:13  Probe  
  14  0:18  Pylon  
  14  0:25  Probe  
  15  0:33  Probe  
  15  0:41  Gateway, Probe  
  17  0:50  Assimilator  
  17  0:51  Probe  
  18  1:03  Probe  
  19  1:15  Probe  
  20  1:26  Nexus  
  20  1:37  Cybernetics Core  
  20  1:39  Probe  
  21  1:49  Assimilator  
  21  1:51  Probe  
  22  1:56  Pylon  
  22  2:03  Probe  
  22  2:05  Adept  
  25  2:16  Probe  
  25  2:20  Stargate  
  26  2:29  Probe  
  27  2:31  Warp Gate  
  27  2:37  Stalker  
  27  2:38  Probe  
  27  2:41  Probe  
  31  2:46  Probe  
  32  2:53  Probe  
  32  2:54  Probe  
  32  2:56  Oracle  
  34  3:05  Probe  
  34  3:09  Probe  
  39  3:16  Pylon  
  39  3:18  Probe  
  40  3:22  Probe  
  40  3:24  Oracle  
  40  3:27  Gateway  
  41  3:30  Probe  
  41  3:34  Probe  
  46  3:37  Assimilator  
  46  3:42  Assimilator, Probe  
  46  3:46  Probe  
  48  3:50  Pylon  
  48  3:54  Probe, Robotics Facility  
  49  3:58  Probe  
  50  4:06  Probe  
  50  4:08  Probe  
  51  4:12  Twilight Council  
  51  4:14  Probe  
  52  4:17  Probe  
  54  4:24  Probe  
  54  4:27  Probe  
  54  4:30  Gateway x2  
  54  4:31  Pylon  
  56  4:41  Pylon  
  56  4:43  Zealot  
  58  4:47  Warp Prism  
  58  4:51  Templar Archives  
  60  4:58  Forge  
  60  5:04  Nexus  
  60  5:12  Probe, Pylon  
  61  5:16  Probe  
  62  5:23  Protoss Ground Weapons Level 1  
  62  5:24  Probe  
  62  5:28  Probe  
  62  5:35  Gateway  
  62  5:36  Probe  
  62  5:37  Gateway  
  62  5:40  Probe  
  62  5:41  Immortal  
  64  5:47  High Templar  
  64  5:48  High Templar x3  
  64  5:49  Probe  
  73  5:52  Probe, Charge  
  73  5:53  Archon x2  
  78  5:59  Pylon  
  78  6:01  Probe  
  79  6:04  Probe  
  79  6:10  Immortal  
  80  6:12  Pylon  
  80  6:13  Probe  
  80  6:15  Shield Battery  
  80  6:16  Probe  
  80  6:17  Probe  
  83  6:24  Sentry x2  
  83  6:25  Probe  
  92  6:28  Assimilator  
  92  6:31  Probe  
  92  6:32  Zealot x2  
  97  6:33  Probe  
  98  6:42  Immortal  
  98  6:45  Probe  
  99  6:50  Probe  
  99  6:52  Assimilator  
  104  6:58  Pylon  
  104  7:00  Photon Cannon, Gateway x2  
  104  7:05  Zealot x3, High Templar x2, Phoenix  
  114  7:11  Archon  
  114  7:13  Shield Battery  
  116  7:21  Observer, Pylon  
  116  7:29  Zealot x4  
  125  7:39  Probe, Pylon  
  125  7:41  Robotics Facility  
  125  7:43  Zealot x2  
  130  7:56  Zealot  
  132  8:01  Probe  
  132  8:02  Pylon  
  132  8:03  Zealot x3  
  132  8:04  Zealot x2  
  132  8:05  Pylon  
  141  8:08  Pylon  
  139  8:18  Pylon  
  139  8:19  Pylon  
  137  8:23  Zealot x2  
  137  8:24  Zealot x3  
Show
View Real Time Build Order
Export as new Build Order

eonblu Zerg 

Build Orders: Hatch First 

Get SALT Encoding   

  12  0:01  Drone  
  13  0:12  Overlord  
  13  0:18  Drone  
  14  0:30  Drone x2  
  16  0:49  Hatchery  
  15  0:53  Drone  
  15  0:55  Drone  
  17  1:07  Extractor  
  17  1:11  Spawning Pool  
  15  1:14  Drone  
  15  1:17  Drone  
  17  1:20  Drone  
  18  1:28  Drone  
  19  1:40  Overlord  
  19  1:49  Drone  
  20  1:57  Queen  
  20  2:00  Zergling x2  
  23  2:01  Queen  
  23  2:03  Zergling x2  
  26  2:09  Metabolic Boost  
  26  2:13  Drone  
  27  2:15  Drone  
  27  2:21  Drone  
  29  2:25  Drone  
  30  2:38  Hatchery  
  29  2:44  Queen  
  29  2:50  Overlord  
  31  2:53  Drone  
  31  2:57  Drone  
  33  2:59  Drone  
  33  3:05  Drone x2  
  36  3:08  Drone  
  36  3:11  Zergling x2  
  36  3:12  Overlord  
  38  3:14  Drone  
  38  3:17  Drone  
  38  3:19  Drone  
  41  3:23  Spore Crawler  
  41  3:26  Spore Crawler  
  39  3:29  Overlord  
  39  3:32  Drone  
  39  3:33  Drone  
  41  3:36  Drone  
  41  3:37  Drone  
  42  3:43  Drone  
  42  3:44  Drone  
  43  3:50  Extractor  
  43  3:51  Drone, Extractor  
  43  3:52  Roach Warren, Drone  
  43  3:54  Drone  
  43  3:58  Drone x2  
  43  3:59  Drone  
  46  4:04  Overlord  
  46  4:07  Spore Crawler  
  44  4:10  Queen  
  46  4:17  Evolution Chamber  
  46  4:18  Drone  
  46  4:19  Drone x2  
  46  4:21  Zergling x2  
  49  4:31  Lair  
  49  4:34  Zergling x6  
  49  4:35  Drone  
  49  4:37  Drone  
  55  4:38  Drone  
  55  4:41  Drone x2  
  57  4:46  Zerg Missile Weapons Level 1  
  57  4:47  Overlord  
  57  4:50  Drone  
  57  4:51  Drone  
  60  4:52  Drone  
  60  4:55  Drone  
  60  4:57  Drone  
  63  5:00  Drone x2  
  63  5:02  Drone x2  
  66  5:10  Drone x2  
  66  5:11  Drone  
  65  5:21  Roach x5  
  72  5:26  Overlord  
  71  5:30  Glial Reconstitution  
  71  5:32  Roach  
  71  5:33  Zergling x2  
  74  5:47  Roach x4  
  82  5:56  Overlord x2  
  82  5:58  Extractor  
  82  5:59  Extractor  
  82  6:00  Drone x2  
  82  6:11  Overlord x2  
  82  6:15  Hydralisk Den, Drone x2  
  84  6:18  Drone  
  84  6:23  Drone  
  84  6:24  Drone x6  
  91  6:30  Overlord x2  
  91  6:31  Drone x4  
  91  6:32  Drone  
  96  6:35  Drone x2  
  96  6:39  Extractor  
  96  6:42  Drone  
  94  6:48  Drone x6  
  96  7:04  Drone x2, Hatchery  
  96  7:07  Grooved Spines  
  97  7:15  Overlord x2  
  97  7:16  Hydralisk  
  97  7:17  Hydralisk x7  
  113  7:29  Lurker Den  
  112  7:30  Overlord x2  
  112  7:34  Roach x3  
  116  7:46  Roach x7  
  126  7:52  Roach x3  
  128  8:01  Roach x4  
  128  8:05  Roach x4  
Tags
 
Add a new tag
Caveats
  • Supply blocks, unpowered buildings, or Contaminate may cause inaccurate times.
  • Supply counts are checked every 10 seconds.